 Dungeon Crawl Stone Soup version 0.30-a0-782-ge64f9170bb (console) character file.

Game seed: 12351738556095130474

84 rlgrobin the Sneak (level 4, -11/27 HPs)
             Began as a Deep Elf Delver on Feb 19, 2023.
             Killed by divine providence
             ... invoked by an orc priest
              (15 damage)
             ... on level 4 of the Dungeon.
             The game lasted 00:03:09 (1306 turns).

rlgrobin the Sneak (Deep Elf Delver)                Turns: 1306, Time: 00:03:10

Health: -11/27     AC:  3    Str:  9    XL:     4   Next: 24%
Magic:  6/6        EV: 27    Int: 17    God:
Gold:   149        SH:  0    Dex: 16    Spells: 1/3 levels left

rFire   . . .      SeeInvis .    a - +0 short sword
rCold   . . .      Faith    .    (no shield)
rNeg    . . .      Spirit   .    b - +0 leather armour
rPois   .          Reflect  .    (no helmet)
rElec   .          Harm     .    (no cloak)
rCorr   .          Rampage  .    (no gloves)
Will    .....                    (no boots)
Stlth   ++++                     h - amulet of the acrobat
HPRegen 0.24/turn                (no ring)
MPRegen 0.10/turn                (no ring)

@: acrobatic
A: no striking features
a: no special abilities


You were on level 4 of the Dungeon.
You visited 1 branch of the dungeon, and saw 5 of its levels.

You collected 149 gold pieces.

Inventory:

Hand Weapons
 a - a +0 short sword (weapon)
Armour
 b - a +0 leather armour (worn)
Jewellery
 h - an amulet of the acrobat (around neck)
Wands
 g - a wand of digging (3)
 l - a wand of charming (11)
Scrolls
 c - a scroll of fog
 e - a scroll of fear
 i - 2 scrolls of identify {unknown}
 k - a scroll of magic mapping
 n - a scroll of amnesia {unknown}
Potions
 d - a potion of flight {unknown}
 f - a potion of haste
 j - 2 potions of heal wounds {unknown}
 m - a potion of degeneration {unknown}
 o - a potion of cancellation {unknown}


   Skills:
 - Level 2.4 Fighting
 + Level 2.9 Short Blades
 - Level 2.4 Dodging
 + Level 7.6 Stealth


You had one spell level left.
You knew the following spells:

 Your Spells              Type           Power      Damage    Failure   Level
a - Searing Ray           Conj           0%         2d4       45%         2

Your spell library contained the following spells:

 Spells                   Type           Power      Damage    Failure   Level
 Magic Dart               Conj           0%         1d3       32%         1
 Fulminant Prism          Conj/Hex       0%         3d5       97%         4


Dungeon Overview and Level Annotations

Branches:
Dungeon (5/15)
 Temple: D:4-7

Altars:
Gozag


Message History

You hit the kobold.
You kill the kobold!
The orc closely misses you. The orc hits you with a +0 hand axe.
The giant cockroach closely misses you.
You hit the orc priest.
The orc priest is lightly wounded.
The orc misses you. The giant cockroach bites you.
You hit the orc wizard but do no damage.
The orc priest barely misses you.
The orc wizard hits you with a +0 dagger.
The orc hits you from afar with a +0 trident.
The orc misses you. The giant cockroach barely misses you.
You barely miss the orc wizard. The giant cockroach barely misses you.
The orc priest closely misses you.
The orc hits you from afar with a +0 trident.
The orc misses you. The orc priest closely misses you.
You barely miss the orc priest.
The giant cockroach bites you but does no damage.
The giant cockroach attacks as you move away!
The giant cockroach misses you.
The orc priest attacks as you move away!
The orc priest hits you with a +0 flail!
* * * LOW HITPOINT WARNING * * *
The orc priest looks encouraged for a moment.
The orc completely misses you.
The orc priest attacks as you move away!
The orc priest misses you. The orc attacks as you move away!
The orc completely misses you.
The orc priest attacks as you move away!
The orc priest misses you.
The orc priest attacks as you move away!
The orc priest completely misses you.
The orc wizard mumbles some strange words.
The orc wizard flickers and vanishes!
Deactivating autopickup; reactivate with Ctrl-A.
The giant cockroach misses you.
The orc priest invokes the aid of Beogh against you.
Beogh smites you!
Ouch! That really hurt!
You die...

,* ***## ,* *,,.# ****
,*****##***************,..#***,,,
,,,,,,,....,,,,,,,,,,,+,..+,,+,,,
,,,,,,,,..#************...#***,,,
#########.# ######[..# *,,,
........#.########.o..)...# ****
#######......##...oo......#
....##..........@.Bo......#****
....##....##.#.........##.#,*<**
..........'..#.........#,,..,,,*
..........####.........#*,*,#,***
..........# ####......#,,,,,,,,,
....##....# #......+*,*,*,*,,
....###'##### ##.....#,,,,,,,,,
...## #.....# *######*,*,*,*,,
...# ######.# ********+****


You could see 2 orc priests, 2 orcs and a giant cockroach.

Vanquished Creatures
  2 adders (D:2)
  2 dart slugs
  4 bats
  6 endoplasms
  2 giant cockroaches (D:1)
  7 hobgoblins
  9 jackals
  4 quokkas
  5 ball pythons (D:1)
  3 goblins (D:1)
  4 kobolds
  4 rats
52 creatures vanquished.

Vanquished Creatures (others)
  2 plants (D:1)
2 creatures vanquished.

Grand Total: 54 creatures vanquished

Notes
Turn   | Place    | Note
-------+----------+-------------------------------------------
     0 | D:5      | rlgrobin the Deep Elf Delver began the quest for the Orb.
     0 | D:5      | Reached XP level 1. HP: 13/13 MP: 3/3
   133 | D:1      | Reached XP level 2. HP: 18/18 MP: 4/4
   174 | D:1      | Found a faded altar of an unknown god.
   307 | D:1      | Reached skill level 7 in Stealth
   380 | D:1      | Reached XP level 3. HP: 22/22 MP: 5/5
  1044 | D:2      | Learned a level 2 spell: Searing Ray
  1056 | D:2      | Reached XP level 4. HP: 25/27 MP: 6/6
  1092 | D:4      | Found an opulent altar of Gozag.
  1306 | D:4      | Killed from afar by an orc priest

Illustrated notes

Levels and vault maps discovered:
D:1:      minmay_arrival_stair_chambers, layout_basic,
          ebering_ecumenical_altar_rust, serial_bayou_pond_e
D:2:      layout_basic
D:3:      layout_loops_ring
D:4:      layout_basic, mainiacjoe_overflow_alcove_1, grunt_gozag_breadcrumbs,
          st_stairs_8, minmay_increasing_density
D:5:      layout_cave_pools, serial_shops, shop, uniq_crazy_yiuf_cottage

Skill      XL: |  1  2 |
---------------+-------+-----
Stealth        | 7 |  7.6
Fighting       | |  2.4
Short Blades   | |  2.9
Dodging        | |  2.4

Action                     |  1- 3 |  4- 6 || total
---------------------------+-------+-------++-------
  Melee: Short sword       |   175 |    43 ||   218
         Punch             |     1 |     3 ||     4
    Use: Scroll            |     1 |       ||     1
         Potion            |     1 |       ||     1
   Stab: Sleeping          |    10 |     1 ||    11
 Armour: Leather armour    |    42 |     8 ||    50
  Dodge: Dodged            |   100 |    59 ||   159

Table legend: (Time is in decaauts)
 A = Elapsed time spent in this place.
 B = Non-inter-level travel time spent in this place.
 C = Inter-level travel time spent in this place.
 D = Time resting spent in this place.
 E = Time spent auto-exploring this place.
 F = Levels seen in this place.
 G = Mean time per level.
                   A        B        C        D        E       F      G
               +--------+--------+--------+--------+--------+-----+--------+
         Total |   1282 |   1269 |     13 |    128 |    657 |   5 |  256.4 |
       Dungeon |   1282 |   1269 |     13 |    128 |    657 |   5 |  256.4 |
               +--------+--------+--------+--------+--------+-----+--------+

Top non-repeatable levels by time:
     D:1: 726 daAuts
     D:2: 302 daAuts
     D:4: 214 daAuts
     D:3: 35 daAuts
     D:5: 3 daAuts
